peat, chaotic male elven Priest --- --.- |...-- --...<------- |......%[.f[@G -----.|...[------. |.....| ---- |..---- |..-- --.| |...| |(| ---.--- |.| |...| |.|-- ---.---.|.-- |......[.| |-..[...-- |.......| --..|.-- ------ peat the Acolyte Experience level: 4 Strength: 15 Dexterity: 13 Constitution: 11 Intelligence: 10 Wisdom: 15 Charisma: 11 Health: 0(22) Energy: 54(54) Def: 7 Gold: 121 Moves: 1968 Dungeon seed: NChaZpWOl061rqOa Game ID: peat_1615066319 Your Inventory: Coins $ - 121 gold pieces Weapons a - a blessed corroded +1 mace (weapon in hand) t - a +0 mace v - a blessed +0 dart G - 12 +0 arrows (in quiver) H - a +0 bow (alternate weapon; not wielded) Armor e - a +0 robe (being worn) n - a blessed +0 small shield (being worn) q - a blessed +2 orcish helm (being worn) r - a +1 pair of high boots z - a +0 pair of water walking boots (being worn) Comestibles c - a clove of garlic d - a sprig of wolfsbane u - a cram ration E - 4 food rations Scrolls B - 2 blessed scrolls of amnesia Spellbooks f - a spellbook of detect unseen g - a spellbook of remove curse C - a spellbook of healing Potions b - 4 potions of holy water Rings i - a ring of see invisible (on left hand) j - a ring of sustain ability (on right hand) l - a -2 ring of gain strength Tools h - a wooden harp o - a lock pick x - a pair of lenses (being worn) I - a +0 pick-axe Gems y - a worthless piece of white glass Spells and supernatural/magical abilities: Name Level Category Fail Memory r - remove curse 3 clerical 0% 91% U - detect unseen 3 divination 99% 91% W - pray for help -- divine ? -- X - turn undead -- divine ? -- Your skills at the end: Fighting Skills Weapon Skills mace [Basic] Spellcasting Skills clerical spells [Basic] Final Attributes: You were piously aligned. You were sleep resistant. You saw invisible. You had infravision. You could walk on water. You had fixed abilities. You are dead. Vanquished creatures: 2 gnome lords a dwarf a giant bat an acid blob 2 giant rats 5 gnomes 2 geckos 2 jackals 2 goblins 3 sewer rats a grid bug 2 lichens a kobold zombie 2 newts 27 creatures vanquished. Voluntary challenges: You used a wielded weapon 31 times, starting on turn 92. You read items or engraved 2 times, starting on turn 1413. You never genocided any monsters. You never polymorphed an object. You never changed form. You used no wishes. You never split a pudding. You never wrote Elbereth's name. You never violated your personal moral code. Dungeon overview: The Dungeons of Doom: levels 1 to 4 Level 1 an altar to Quetzalcoatl, a sink a long staircase Level 2 a fountain, a sink Level 3 a general store Level 4 a general store, a fountain stairs to The Gnomish Mines The Gnomish Mines: Level 5 <- You were here stairs to The Dungeons of Doom History has recorded: On T:1 you entered the Dungeons of Doom to retrieve the Amulet of Yendor! On T:266 you reached level 2 of The Dungeons of Doom. On T:496 you advanced to experience level 2. On T:848 you reached level 3 of The Dungeons of Doom. On T:1186 you reached level 4 of The Dungeons of Doom. On T:1835 you reached level 1 of The Gnomish Mines. On T:1845 you advanced to experience level 3. On T:1951 you advanced to experience level 4. Score breakdown: Gold: 121 ( 7097 points) Experience: 4 levels ( 9649 points) Exploration: 5 levels ( 9.80%) ( 8485 points) Discoveries: 4 items ( 1.40%) ( 3547 points) Valuables value: (no points given unless you survive) Artifact value: 0 ( 0 points) Variety of kills: 14 monsters ( 3.67%) ( 5750 points) Turncount: 1968 turns ( 0 points) Survival: died (score multiplied by 80%) Total score: 27622 Latest messages: You miss the gnome. The gnome hits! You kill the gnome! There are a few objects here. You hit the gnome. You kill the gnome! You have a little trouble lifting E - a food ration. Your movements are slowed slightly because of your load. Qwerty eats a gnome corpse. You hear a jackal howling at the moon. Qwerty drops a hooded cloak. Qwerty eats a gnome lord corpse. The gnome king throws a dart! You are hit by a dart. There is nothing here to pick up. The gnome king misses. Qwerty drops a hooded cloak. You miss the gnome king. The gnome king hits! You hit the gnome king. The gnome king hits! You begin praying to Huhetotl. The gnome king hits! You die... Final status: Goodbye peat the Priest, killed by a gnome king, while praying... You died in The Gnomish Mines on dungeon level 5 with 27622 points, and 121 pieces of gold, after 1968 moves. You were level 4 with a maximum of 22 hit points when you died.